AoeStats
← Condorito17

Arabia

510629934Analyzed
1v1 RM · 1d ago on Oct 1, 2026· 52m 12s· 2 players
Game mode
Random Map
Map size
Tiny (2 player)
Population
200
Speed
Normal
Resources
Standard
Victory
Conquest
Starting age
Dark Age
Ending age
Imperial Age
RankedLock teamsTeams togetherTeam positionsShared explorationLock speedFull tech treeHidden civsTurbo modeCheats
Victory
Defeat
🇨🇱 Lithuanians · Chile
1106
+14
🇻🇪 Mongols · Venezuela
1066
-14
Dkhan
7:01 Loom
9:36 Feudal Age
10:02 Double-Bit Axe
16:29 Fletching
19:40 Horse Collar
21:17 Wheelbarrow
29:09 Castle Age
27:51 Scale Barding Armor
32:13 Bow Saw
34:36 Bodkin Arrow
40:18 Ballistics
40:43 Bloodlines
41:06 Padded Archer Armor
42:12 Leather Archer Armor
52:03 Heavy Plow
Condorito17
6:36 Loom
8:58 Feudal Age
10:03 Double-Bit Axe
11:15 Wheelbarrow
10:18 Man-at-Arms
15:46 Horse Collar
16:16 Fletching
17:04 Padded Archer Armor
23:09 Castle Age
22:49 Scale Barding Armor
22:55 Forging
25:36 Bodkin Arrow
29:00 Husbandry
32:20 Elite Skirmisher
40:36 Imperial Age
38:43 Gold Mining
38:51 Town Watch
39:49 Stone Mining
40:46 Leather Archer Armor
43:32 Cavalier
45:49 Hand Cart
47:14 Pikeman
48:23 Light Cavalry
49:14 Bloodlines
50:11 Chain Barding Armor
51:06 Town Patrol
53:02 Plate Barding Armor
53:02 Iron Casting
Connection lost

Rejoining the realm…

Still unreachable

The connection could not be restored.

Session expired

The server has moved on; the page needs a fresh start.